 Dungeon Crawl Stone Soup version 0.29-a0-772-ga24da20 (webtiles) character file.

Game seed: 6219646137466088642

1862312 Krepp the Crack Shot (level 27, 184/184 HPs)
             Began as a Kobold Arcane Marksman on May 26, 2022.
             Was the Champion of Okawaru.
             Escaped with the Orb
             ... and 3 runes on July 1, 2022!
             The game lasted 05:34:50 (56215 turns).

Krepp the Crack Shot (Kobold Arcane Marksman)      Turns: 56215, Time: 05:34:51

Health: 184/184    AC: 26    Str:  9    XL:     27
Magic:  43/43      EV: 52    Int: 19    God:    Okawaru [******]
Gold:   2686       SH:  0    Dex: 43    Spells: 26/58 levels left

rFire   + . .      SeeInvis +   v - +9 triple crossbow (freeze)
rCold   + . .      Faith    +   (shield currently unavailable)
rNeg    . . .      Spirit   .   w - +4 troll leather armour of the Sun {Regen+ Int+3 Slay+3}
rPois   .          Reflect  .   o - +3 crown of Dyrovepreva {rElec Int+2 SInv}
rElec   +          Harm     +   E - +2 cloak {Stlth+}
rCorr   +          Rampage  .   R - +1 pair of gloves "Kidaab" {rF+ Will+ rCorr}
Will    ++++.                   d - +2 pair of boots "Epewu" {Harm Will+}
Stlth   ++++......              z - amulet of faith
HPRegen 1.20/turn               q - +6 ring of dexterity
MPRegen 0.28/turn               Y - ring of Myashebe {rC+ Dex+7 SInv}

@: studying 3 skills
A: small, no large weapons, nightstalker 3, iridescent scales 1, agile 1
0: Orb of Zot
}: 3/15 runes: decaying, serpentine, silver
a: Renounce Religion, Heroism, Finesse, Duel


You escaped.
You worshipped Okawaru.
Okawaru was exalted by your worship.
You visited 11 branches of the dungeon, and saw 50 of its levels.
You also visited: Bailey and Ice Cave.

You collected 6011 gold pieces.
You spent 3325 gold pieces at shops.

Inventory:

Hand Weapons
 v - a +9 triple crossbow of freezing (weapon)
Missiles
 Q - 15 curare-tipped darts
 S - 4 throwing nets
Armour
 d - the +2 pair of boots "Epewu" (worn) {Harm Will+}
   (Okawaru gifted it to you on level 2 of the Lair of Beasts)

   Harm:      It increases damage dealt and taken.
   Will:      It increases your willpower.
 h - the +1 hat "Moroppom" {+Inv rPois Dex+4 Stlth-}
   (You found it on level 3 of the Elven Halls)

   Dex:       It affects your dexterity (+4).
   rPois:     It protects you from poison.
   +Inv:      It lets you turn invisible.
   Stlth:     It makes you less stealthy.
 o - the +3 crown of Dyrovepreva (worn) {rElec Int+2 SInv}
   (You bought it in a shop on level 6 of the Dungeon)

   Int:       It affects your intelligence (+2).
   rElec:     It insulates you from electricity.
   SInv:      It lets you see invisible.
 w - the +4 troll leather armour of the Sun (worn) {Regen+ Int+3 Slay+3}
   (You found it in a bailey)

   Int:       It affects your intelligence (+3).
   Slay:      It affects your accuracy & damage with ranged weapons and melee
   (+3).
   Regen:     It increases your rate of health regeneration.
 E - a +2 cloak of stealth (worn)
 R - the +1 pair of gloves "Kidaab" (worn) {rF+ Will+ rCorr}
   (Okawaru gifted it to you on level 4 of the Snake Pit)

   rF:        It protects you from fire.
   rCorr:     It protects you from acid and corrosion.
   Will:      It increases your willpower.
Jewellery
 k - the ring "Igean" {rElec AC+4 Stlth+}
   (You found it on level 5 of the Vaults)

   [ring of protection]

   AC:        It affects your AC (+4).
   rElec:     It insulates you from electricity.
   Stlth:     It makes you more stealthy.
 q - a +6 ring of dexterity (left hand)
 x - the amulet "Xihedinu" {Reflect Int+3 Dex+2 SH+5}
   (You found it on level 3 of the Elven Halls)

   [amulet of reflection]

   It reflects blocked missile attacks.
   Int:       It affects your intelligence (+3).
   Dex:       It affects your dexterity (+2).
   SH:        It affects your SH (+5).
 z - an amulet of faith (around neck)
 L - a ring of protection from fire
 Y - the ring of Myashebe (right hand) {rC+ Dex+7 SInv}
   (You found it on level 3 of the Elven Halls)

   [ring of protection from cold]

   Dex:       It affects your dexterity (+7).
   rC:        It protects you from cold.
   SInv:      It lets you see invisible.
Wands
 u - a wand of paralysis (42)
 B - a wand of iceblast (70)
 D - a wand of digging (22)
 I - a wand of flame (119)
 J - a wand of polymorph (21)
 K - a wand of mindburst (26)
 P - a wand of acid (29)
Scrolls
 a - 6 scrolls of amnesia
 b - 5 scrolls of enchant armour
 c - 4 scrolls of vulnerability
 p - 14 scrolls of teleportation
 y - 7 scrolls of fog
 A - 4 scrolls of fear
 C - 10 scrolls of poison
 H - a scroll of silence
 M - 5 scrolls of blinking
 N - 5 scrolls of immolation
 V - 4 scrolls of magic mapping
 X - 7 scrolls of enchant weapon
Potions
 e - 35 potions of curing
 g - 7 potions of heal wounds
 i - 9 potions of haste
 j - 14 potions of attraction
 l - 7 potions of brilliance
 m - 3 potions of resistance
 n - 4 potions of flight
 t - 7 potions of cancellation
 F - 8 potions of mutation
 O - 15 potions of lignification
 T - 5 potions of magic
 U - 9 potions of might
 W - 5 potions of berserk rage
 Z - 4 potions of invisibility
Miscellaneous
 f - a phial of floods
 r - a condenser vane
 s - a tin of tremorstones (2/2)
 G - a lightning rod (4/4)


   Skills:
 - Level 22.0 Fighting
 - Level 0.8 Short Blades
 - Level 22.0 Ranged Weapons
 - Level 16.9 Armour
 - Level 22.0 Dodging
 - Level 19.0 Stealth
 * Level 16.2 Spellcasting
 - Level 9.6 Hexes
 - Level 10.4 Necromancy
 - Level 10.4 Translocations
 - Level 9.5 Air Magic
 - Level 10.4 Earth Magic
 - Level 10.2 Invocations
 - Level 12.7 Evocations


You had 26 spell levels left.
You knew the following spells:

 Your Spells              Type           Power      Damage    Failure   Level
a - Slow                  Hex            100%       N/A       1%          1
b - Swiftness             Air            51%        N/A       1%          3
c - Silence               Hex/Air        25%        N/A       2%          5
d - Borgnjor's Vile Clut  Necr/Erth      26%        N/A       1%          5
e - Blink                 Tloc           100%       N/A       1%          2
f - Disjunction           Tloc           26%        N/A       99%         8
g - Irradiate             Conj/Tmut      7%         3d15      80%         5
h - Portal Projectile     Hex/Tloc       100%       N/A       1%          3

Your spell library contained the following spells:

 Spells                   Type           Power      Damage    Failure   Level
 Apportation              Tloc           100%       N/A       1%          1
 Necrotize                Necr           100%       1d9       1%          1
 Shock                    Conj/Air       100%       1d9       1%          1
 Ensorcelled Hibernation  Hex/Ice        66%        N/A       1%          2
 Poisonous Vapours        Pois/Air       66%        N/A       1%          2
 Static Discharge         Conj/Air       33%        3-8/arc   1%          2
 Sublimation of Blood     Necr           53%        N/A       1%          2
 Confusing Touch          Hex            51%        N/A       1%          3
 Dazzling Flash           Conj/Hex       66%        N/A       1%          3
 Gell's Gravitas          Tloc           53%        N/A       1%          3
 Inner Flame              Hex/Fire       33%        N/A       1%          3
 Lesser Beckoning         Tloc           53%        N/A       1%          3
 Stone Arrow              Conj/Erth      70%        3d11      1%          3
 Teleport Other           Tloc           53%        N/A       1%          3
 Vampiric Draining        Necr           53%        2d9       1%          3
 Airstrike                Air            25%        0-9+      1%          4
 Anguish                  Hex/Necr       26%        N/A       1%          4
 Cause Fear               Hex            25%        N/A       1%          4
 Dispel Undead            Necr           53%        3d19      1%          4
 Leda's Liquefaction      Hex/Erth       26%        N/A       1%          4
 Passage of Golubria      Tloc           53%        N/A       1%          4
 Agony                    Necr           53%        N/A       1%          5
 Lee's Rapid Deconstruct  Erth           26%        3d15*     1%          5
 Manifold Assault         Tloc           53%        N/A       1%          5
 Corpse Rot               Necr/Pois/Air  40%        N/A       3%          4
 Magic Dart               Conj           60%        1d6       4%          1
 Sting                    Tmut/Pois      60%        1d6       4%          1
 Iskenderun's Mystic Bla  Conj/Tloc      35%        2d8       5%          4
 Petrify                  Tmut/Erth      35%        N/A       5%          4
 Fulminant Prism          Conj/Hex       16%        3d11      7%          4
 Searing Ray              Conj           30%        2d5       8%          2
 Dispersal                Tloc           26%        N/A       10%         6
 Conjure Flame            Conj/Fire      15%        6-21      14%         3
 Ignite Poison            Fire/Tmut/Pois 15%        N/A       14%         3
 Ozocubu's Armour         Ice            15%        N/A       14%         3
 Lightning Bolt           Conj/Air       16%        1d30      19%         5
 Metabolic Englaciation   Hex/Ice        16%        N/A       19%         5
 Hailstorm                Conj/Ice       15%        3d5       43%         4
 Ice Form                 Ice/Tmut       15%        N/A       43%         4
 Olgreb's Toxic Radiance  Pois           15%        N/A       43%         4
 Sticky Flame             Conj/Fire      15%        2d4       43%         4
 Statue Form              Tmut/Erth      23%        N/A       65%         6
 Conjure Ball Lightning   Conj/Air       16%        3x3d6     71%         6
 Alistair's Intoxication  Tmut/Pois      10%        N/A       80%         5
 Blade Hands              Tmut           7%         N/A       80%         5
 Fireball                 Conj/Fire      7%         3d5       80%         5
 Discord                  Hex            25%        N/A       99%         8
 Maxwell's Capacitive Co  Air            25%        ∞         99%         8
 Starburst                Conj/Fire      7%         6d4       100%        6
 Dragon Form              Tmut           7%         N/A       100%        7
 Ignition                 Fire           7%         3d5       100%        8
 Lehudib's Crystal Spear  Conj/Erth      17%        10d5      100%        8
 Chain Lightning          Conj/Air       16%        3d22      100%        9
 Fire Storm               Conj/Fire      7%         8d2       100%        9
 Shatter                  Erth           26%        3d22*     100%        9
 Tukima's Dance           Hex            Unusable   N/A       N/A         3
 Animate Dead             Necr           Unusable   N/A       N/A         4
 Animate Armour           Summ/Erth      Unusable   N/A       N/A         4
 Death Channel            Necr           Unusable   N/A       N/A         6
 Simulacrum               Ice/Necr       Unusable   N/A       N/A         6
 Dragon's Call            Summ           Unusable   N/A       N/A         9

Dungeon Overview and Level Annotations

Branches:
Dungeon (15/15)            Temple (1/1) D:5            Lair (6/6) D:10
  Swamp (4/4) Lair:3        Snake (4/4) Lair:4        Slime (0/5) Lair:5
    Orc (2/2) D:9             Elf (3/3) Orc:2        Vaults (5/5) D:13
  Crypt (1/3) Vaults:2     Depths (4/4) D:15            Zot (5/5) Depths:4
 Bailey (visited)           IceCv (visited)

Altars:
Ashenzari
Cheibriados
Dithmenos
Elyvilon
Fedhas
Gozag
Hepliaklqana
Kikubaaqudgha
Makhleb
Nemelex Xobeh
Okawaru
Qazlal
Ru
Sif Muna
Trog
Uskayaw
Vehumet
Wu Jian
Xom
Yredelemnul
Zin
The Shining One
Beogh
Jiyva

Shops:
D:6 ([?   Orc:2 ==?!   Snake:3 ==:   Vaults:4 ?   Depths:1 =(   Depths:2 *
Depths:4 :**

Portals:
Hell: Depths:1 Depths:2 Depths:3 Depths:4
Abyss: Depths:3
Pandemonium: Depths:1 Depths:2 Depths:4
Ziggurat: Depths:1
Trove: D:12 (give 18 potions of curing)

Annotations:
D:14 6 transporters
Lair:6 1 runed translucent door, Bosm's ghost, journeyman HOBe
Zot:2 exclusions: curse toe and upstairs


Innate Abilities, Weirdness & Mutations

You are small and have problems with some larger weapons.
You are completely attuned to the shadows.
You are partially covered in iridescent scales. (AC +2)
You are agile. (Dex +4, Str/Int -1)


Message History

You climb upwards.
There is a stone staircase leading down here.
An ice devil comes into view.
There is an open door here.
Fire: v) +9 triple crossbow (freeze)
Press: ? - help, Q - select action, (/) - cycle Shift-Dir - straight line, f - ice devil
Aim: an ice devil (wandering, hasn't noticed you)
You shoot a bolt. The bolt closely misses the ice devil.
Unknown command.
You gain the combat prowess of a mighty hero.
Fire: v) +9 triple crossbow (freeze)
Press: ? - help, Q - select action, (/) - cycle Shift-Dir - straight line, f/p - ice devil
Aim: an ice devil You shoot a bolt.
The bolt hits the ice devil!!!!
You kill the ice devil!
Okawaru accepts your kill.
(D) Dungeon (T) Temple (L) Lair (S) Swamp (P) Snake Pit (M) Slime Pits (O) Orcish Mines (E) Elven Halls (V) Vaults (C) Crypt (U) Depths (H) Hell (Z) Zot
Where to? (Enter - D:1, ? - help) Magic restored.
Items here: )) [ ÷.
There is an open door here.
Things that are here:
a +0 leather armour; a +0 flail
There is a stone staircase leading up here.
You climb upwards.
There is a stone staircase leading down here.
You feel like a meek peon again.
There is a stone staircase leading up here.
You climb upwards.
There is a stone staircase leading down here.
Aiming: Dig
Press: ? - help, Shift-Dir - straight line A rock wall.
This square is covered in magical glow.
The rock shatters into small pieces.
There is a staircase leading out of the dungeon here.
You have escaped!

#......#
#.##.###...#.########
#..†...#
#.#..##...##.#
#......#
#.#......###.#
#......# #.#.....##
#.# #......#
#.#....## #.#
#......# #.#.....##
#.########
######.####
#.#......###.#......^
...###.#
#.#..........#.......
....##.#
#.#.@....###.#.......
....##.# #.#......#
#.#....... ###.##.#
#..####### #.#.......
#†##.# #.#.#^#
###.#.......
#.##.######.##..#
#)..#..)†...
#.#.........###>#
#.####'#####
#.#..######.######
#.# #.# # #.#..#
#......###.####.# #
###....#
#.#..#...#......# #


There were no monsters in sight!

Vanquished Creatures
  7 dread liches
  3 orbs of fire (Zot:5)
  The ghost of alcopop the Slayer, a legendary OgAE of Gozag (Zot:5)
  An ancient lich (Vaults:5)
  The ghost of Geeful the Invulnerable, a legendary MiFi of Wu Jian (Zot:5)
  Mara (Depths:3)
  Vv (Zot:2)
  Saint Roka (Vaults:3)
  8 Killer Klowns (Zot:5)
  Xtahua (Depths:3)
  Frederick (Crypt:1)
  Bai Suzhen (Depths:2)
  A caustic shrike (Depths:3)
  9 golden dragons
  A pandemonium lord (Zot:5)
  Zenata (Elf:3)
  2 electric golems (Zot:5)
  Jorgrun (D:13)
  4 liches
  Mlioglotl (Snake:4)
  26 Orb Guardians
  18 tentacled monstrosities
  2 quicksilver dragons
  2 deep elf master archers
  5 titans
  7 sphinxes
  10 death cobs
  4 ancient champions
  2 thorn hunters
  10 storm dragons
  9 shadow dragons
  2 draconian monks
  5 tengu reavers (Vaults:5)
  A revenant (Crypt:1)
  3 fenstrider witches
  5 draconian knights
  4 nagarajas
  8 deep elf sorcerers
  4 frost giants
  A balrug (Depths:1)
  2 orc warlords
  4 draconian scorchers
  5 draconian shifters
  Aizul (Snake:3)
  6 fire giants
  A cacodemon (Depths:4)
  4 iron dragons
  5 draconian stormcallers
  5 deep elf elementalists
  26 very ugly things
  3 draconian annihilators
  2 war gargoyles
  11 vault wardens
  8 ghouls
  2 green draconians
  26 ironbound preservers
  9 ironbound thunderhulks
  A lorocyproca (Depths:3)
  5 bunyips
  4 deep elf demonologists
  5 vampire knights
  11 stone giants
  5 black draconians
  6 eleionomae
  4 yellow draconians
  8 dire elephants (Vaults:1)
  5 white draconians
  Azrael (Orc:2)
  7 deep elf annihilators
  6 red draconians
  8 purple draconians
  3 spark wasps (Depths:1)
  4 blizzard demons
  A fire dragon (shapeshifter) (Vaults:5)
  An eidolon (Crypt:1)
  8 ettins
  7 deep elf death magi
  A green death (Swamp:4)
  4 jiangshi (Crypt:1)
  6 deep elf high priests
  6 fire dragons
  15 yaktaur captains
  17 hydras
  40 vault guards
  A shambling mangrove (Swamp:3)
  2 rakshasas (Depths:1)
  4 great orbs of eyes
  3 ogre magi (Swamp:4)
  Harold (D:11)
  A peacekeeper (Vaults:4)
  9 boulder beetles
  5 salamander tyrants
  A hell beast (Depths:1)
  5 spriggan air magi
  11 anacondas
  A caustic shrike simulacrum (IceCv)
  9 ice dragons
  6 two-headed ogres
  A ghost crab (Swamp:3)
  A death knight (Vaults:2)
  11 ironbound frosthearts
  12 alligators
  3 catoblepae
  10 centaur warriors
  19 naga warriors
  31 dancing weapons
  6 deep troll shamans
  A two-headed ogre (shapeshifter) (Depths:2)
  6 tengu warriors
  7 orc high priests
  4 spriggan berserkers
  Urug (D:13)
  5 spriggans
  4 deep troll earth magi
  20 death yaks
  2 hell knights (Depths:3)
  A sun demon (Depths:2)
  2 vampire magi
  10 naga sharpshooters
  An emperor scorpion zombie (Crypt:1)
  4 shock serpents
  3 soul eaters
  Sonja (D:13)
  27 deep elf knights
  3 iron trolls
  4 sixfirhies
  7 skeletal warriors
  7 goliath frogs
  5 salamander mystics
  2 death drakes (Swamp:3)
  A shadow demon (Depths:3)
  88 deep trolls
  2 glowing orange brains
  2 deep trolls (shapeshifter)
  A flayed ghost (Depths:2)
  5 swamp dragons (Swamp:4)
  An obsidian statue (IceCv)
  14 lindwurms
  7 spriggan druids
  8 spriggan simulacra (IceCv)
  11 naga ritualists
  A bunyip skeleton (Crypt:1)
  7 wizards
  21 deep elf zephyrmancers
  9 orc knights
  A harpy (shapeshifter) (D:13)
  6 bog bodies
  33 deep elf pyromancers
  16 ironbound convokers
  16 deep elf archers
  A tengu skeleton (Vaults:2)
  11 phantasmal warriors
  2 necromancers
  An oklob plant (Lair:5)
  3 mana vipers
  7 orc sorcerers
  5 manticores
  A human zombie (Vaults:1)
  23 salamanders
  28 ugly things
  13 moths of wrath
  11 cyclopes
  29 slime creatures
  4 will-o-the-wisps
  A frost giant zombie (Vaults:2)
  2 centaur zombies (D:10)
  3 rust devils
  16 naga magi
  14 vault sentinels
  Joseph (D:8)
  17 elephants
  2 guardian serpents
  26 black mambas
  A black mamba (shapeshifter) (Elf:3)
  3 orange demons
  14 cane toads
  A torpor snail (Lair:3)
  A smoke demon (Depths:4)
  An eye of devastation (shapeshifter) (Vaults:5)
  2 gargoyles
  Maggie (D:8)
  4 unseen horrors
  4 entropy weaver simulacra
  An unseen horror zombie (D:10)
  An elf skeleton (Vaults:2)
  2 efreet
  4 rime drakes
  2 kobold demonologists
  3 tengu conjurers (Depths:1)
  14 komodo dragons
  27 yaktaurs
  7 freezing wraiths
  4 hellwings (Swamp:4)
  A golden dragon simulacrum (IceCv)
  An anaconda simulacrum (IceCv)
  8 ice devils
  A silent spectre (Vaults:4)
  A death yak skeleton (Crypt:1)
  2 red devils
  7 tyrant leeches
  8 hornets
  2 bloated husks
  4 polar bears
  6 trolls
  Grinder (D:3)
  Prince Ribbit (D:6)
  A culicivora zombie (Crypt:1)
  3 dream sheep (Lair:3)
  4 blink frogs (Lair:6)
  An elf zombie (Vaults:1)
  2 air elementals (Elf:1)
  4 wraiths
  2 shadows
  5 flying skulls (Crypt:1)
  2 vampires
  A fire bat (shapeshifter) (Vaults:5)
  4 wyverns
  A culicivora (shapeshifter) (Vaults:5)
  A hog (shapeshifter) (D:15)
  2 steam dragons
  9 water elementals
  A large abomination (Zot:5)
  16 humans (D:13)
  A yak (shapeshifter) (Elf:3)
  A basilisk (shapeshifter) (D:15)
  55 yaks
  6 fire elementals
  3 human simulacra
  7 minotaur simulacra (IceCv)
  2 neqoxecs (Swamp:4)
  2 basilisks
  2 vampire mosquitoes (D:12)
  2 chaos spawn (Swamp:4)
  Menkaure (D:7)
  44 nagas
  18 swamp worms
  A harpy simulacrum (IceCv)
  13 wargs
  A hydra simulacrum (IceCv)
  2 acid dragons
  2 hell hounds (Orc:2)
  Duvessa (D:7)
  9 water moccasins
  A floating eye (shapeshifter) (Vaults:5)
  An ice beast (D:6)
  69 orc warriors
  A floating eye (Zot:1)
  A swamp drake (Swamp:4)
  2 alligator simulacra (IceCv)
  2 ettin simulacra (IceCv)
  18 ogres
  A sky beast (D:7)
  3 black bears
  21 wolves
  3 boggarts
  12 centaurs
  4 kobold brigands
  A phantom (D:5)
  Blork the orc (D:5)
  9 bullfrogs
  A bullfrog (shapeshifter) (Vaults:5)
  7 deep troll simulacra (IceCv)
  3 necrophages
  An earth elemental (Elf:2)
  3 scorpions
  8 wights
  Dowan (D:7)
  A queen bee zombie (Crypt:1)
  2 lindwurm simulacra (IceCv)
  6 howler monkeys
  A polar bear skeleton (Crypt:1)
  A vampire bat (Lair:6)
  4 electric eels
  42 orc priests
  3 hounds
  2 jellies
  2 boudas
  Crazy Yiuf (D:2)
  6 iguanas
  20 orc wizards
  6 hell rats (Lair:3)
  A mummy (D:10)
  Robin (D:3)
  15 gnolls
  6 adders
  A shadow imp (D:5)
  A dart slug (D:4)
  143 orcs
  10 ball pythons
  4 endoplasms
  A giant cockroach (D:2)
  27 goblins
  9 hobgoblins
  20 kobolds
  A quokka (D:5)
  18 bats
  8 frilled lizards
  3 rats
2147 creatures vanquished.

Vanquished Creatures (others)
  A deep elf zephyrmancer (Elf:3)
  A boggart (Vaults:1)
  An orc (D:7)
  9 foxfires (Swamp:4)
  22 fungi
  112 plants
146 creatures vanquished.

Grand Total: 2293 creatures vanquished

Notes
Turn   | Place    | Note
-------+----------+-------------------------------------------
     0 | D:1      | Krepp the Kobold Arcane Marksman began the quest for the
                  | Orb.
     0 | D:1      | Reached XP level 1. HP: 12/12 MP: 2/2
    61 | D:1      | Reached XP level 2. HP: 10/16 MP: 3/3
   539 | D:1      | Reached XP level 3. HP: 20/20 MP: 4/4
   987 | D:2      | Reached skill level 5 in Crossbows
  1319 | D:2      | Reached XP level 4. HP: 25/25 MP: 5/5
  1367 | D:2      | Found a runed translucent door.
  1370 | D:2      | Noticed Crazy Yiuf
  1972 | D:2      | Killed Crazy Yiuf
  2013 | D:2      | Upgraded the game from 0.29-a0-490-g77b3608 to
                  | 0.29-a0-492-g10b964d
  2180 | D:3      | Noticed Grinder
  2388 | D:3      | Reached XP level 5. HP: 26/29 MP: 6/6
  2785 | D:3      | Noticed Robin
  2863 | D:3      | Killed Robin
  3588 | D:4      | Reached XP level 6. HP: 36/36 MP: 7/7
  4200 | D:5      | Entered Level 5 of the Dungeon
  4687 | D:5      | Noticed Blork the orc
  4895 | D:5      | Noticed a black bear
  4896 | D:5      | Found a staircase to the Ecumenical Temple.
  4902 | Temple   | Entered the Ecumenical Temple
  5168 | Temple   | Became a worshipper of Warmaster Okawaru
  5408 | D:5      | Reached XP level 7. HP: 41/41 MP: 6/8
  6087 | D:3      | Paralysed by Grinder for 2 turns
  6101 | D:3      | Killed Grinder
  6102 | D:3      | Reached skill level 5 in Dodging
  6152 | D:3      | Reached * piety under Okawaru
  6337 | D:3      | Reached XP level 8. HP: 37/48 MP: 7/9
  6462 | D:5      | Killed Blork the orc
  6663 | D:5      | Reached skill level 5 in Fighting
  7367 | D:6      | Found Pixoto's Armour Emporium.
  7393 | D:6      | Noticed Prince Ribbit
  7425 | D:6      | Killed Prince Ribbit
  7425 | D:6      | Reached ** piety under Okawaru
  7426 | D:6      | Reached skill level 1 in Invocations
  7507 | D:6      | Found Saxiczorihy's Antique Weapon Shop.
  7677 | D:6      | Found Emuritea's Magic Scroll Boutique.
  7681 | D:6      | Reached XP level 9. HP: 40/55 MP: 7/10
  7765 | D:6      | Bought a scroll of identify for 30 gold pieces
  7765 | D:6      | Bought a scroll of fear for 52 gold pieces
  7765 | D:6      | Bought a scroll of identify for 30 gold pieces
  7765 | D:6      | Bought a scroll of magic mapping for 52 gold pieces
  8388 | D:6      | Reached *** piety under Okawaru
  8513 | D:6      | Reached skill level 1 in Evocations
  8655 | D:7      | Noticed Menkaure
  8660 | D:7      | Killed Menkaure
  8714 | D:6      | Reached skill level 10 in Crossbows
  8892 | D:7      | Noticed Duvessa
  8893 | D:7      | Noticed Dowan
  8900 | D:7      | Killed Duvessa
  8900 | D:7      | Killed Dowan
  8908 | D:7      | Reached **** piety under Okawaru
  9415 | D:7      | Reached XP level 10. HP: 50/63 MP: 13/13
  9596 | D:7      | Found a blossoming altar of Fedhas.
  9685 | D:8      | Noticed Maggie
  9699 | D:8      | Killed Maggie
  9799 | D:8      | Found a flagged portal.
  9814 | Bailey   | Entered a bailey
  9993 | Bailey   | Reached skill level 5 in Invocations
 10695 | Bailey   | Found an iron altar of Okawaru.
 10697 | Bailey   | Noticed an orc high priest
 10697 | Bailey   | Noticed an orc high priest
 10728 | Bailey   | Acquired a +5 arbalest of flaming
 10988 | Bailey   | Killed an orc high priest
 10989 | Bailey   | Reached skill level 5 in Evocations
 10991 | Bailey   | Killed an orc high priest
 10991 | Bailey   | Reached ***** piety under Okawaru
 11031 | Bailey   | Identified the +2 robe "Afaunn" {rF- Regen+ SInv Archmagi}
 11032 | Bailey   | Identified the +4 troll leather armour of the Sun {Regen+
                  | Int+3 Slay+3}
 11125 | D:8      | Reached XP level 11. HP: 68/68 MP: 15/15
 11227 | D:8      | Found a broken altar of Ashenzari.
 11230 | D:8      | Found a hide-covered altar of Uskayaw.
 11231 | D:8      | Found an ornate altar of the Wu Jian Council.
 11235 | D:8      | Found an ancient bone altar of Kikubaaqudgha.
 11235 | D:8      | Found a basalt altar of Yredelemnul.
 11410 | D:8      | Noticed Joseph
 11531 | D:8      | Killed Joseph
 11949 | D:9      | Noticed a five-headed hydra
 11965 | D:9      | Killed a five-headed hydra
 11996 | D:10     | Entered Level 10 of the Dungeon
 12122 | D:9      | Reached skill level 10 in Dodging
 12190 | D:9      | Found a staircase to the Orcish Mines.
 12929 | D:10     | Noticed a death yak
 12929 | D:10     | Noticed a death yak
 12955 | D:10     | Killed a death yak
 12961 | D:10     | Killed a death yak
 12961 | D:10     | Received a gift from Okawaru
 13027 | D:10     | Noticed a two-headed ogre
 13030 | D:10     | Killed a two-headed ogre
 13061 | D:10     | Noticed a death yak
 13070 | D:10     | Received a gift from Okawaru
 13077 | D:10     | Noticed a death yak
 13087 | D:10     | Killed a death yak
 13088 | D:10     | Reached XP level 12. HP: 74/76 MP: 14/17
 13088 | D:10     | Noticed a death yak
 13092 | D:10     | Killed a death yak
 13092 | D:10     | Received a gift from Okawaru
 13092 | D:10     | Reached ****** piety under Okawaru
 13096 | D:10     | Killed a death yak
 13159 | D:10     | Identified the +3 buckler of the Fiddle {Str+2} (Okawaru
                  | gifted it to you on level 10 of the Dungeon)
 13159 | D:10     | Received a gift from Okawaru
 13270 | D:10     | Found a staircase to the Lair.
 13278 | D:10     | Reached skill level 10 in Fighting
 13966 | D:10     | Noticed Maurice
 13967 | D:10     | Noticed Maurice
 13967 | D:10     | Maurice changed into Maurice the iguana
 13969 | D:10     | Killed Maurice the iguana
 14147 | Lair:1   | Entered Level 1 of the Lair of Beasts
 14153 | Lair:1   | Noticed a five-headed hydra
 14157 | Lair:1   | Killed a five-headed hydra
 15039 | Lair:2   | Reached XP level 13. HP: 83/83 MP: 17/19
 15057 | Lair:2   | Identified the +2 pair of boots "Epewu" {Harm Will+}
                  | (Okawaru gifted it to you on level 2 of the Lair of Beasts)
 15057 | Lair:2   | Received a gift from Okawaru
 15464 | D:6      | Bought a +1 cloak of preservation for 198 gold pieces
 16137 | Lair:3   | Noticed a catoblepas
 16144 | Lair:3   | Reached skill level 10 in Evocations
 16149 | Lair:3   | Killed a catoblepas
 16579 | Lair:3   | Identified the +7 mace of Blood {vorpal, rC- Str+9 Int+2
                  | Stlth+}
 16837 | Lair:3   | Reached skill level 10 in Invocations
 17125 | Lair:3   | Found a staircase to the Swamp.
 17424 | Lair:4   | Found a staircase to the Snake Pit.
 17635 | Lair:4   | Identified the +3 buckler of Pride {Harm Drain rC+++ SInv}
                  | (Okawaru gifted it to you on level 4 of the Lair of Beasts)
 17635 | Lair:4   | Received a gift from Okawaru
 17687 | Lair:4   | Reached skill level 15 in Crossbows
 17816 | Lair:4   | Learned a level 3 spell: Swiftness
 18139 | Lair:5   | Reached XP level 14. HP: 91/91 MP: 18/21
 18274 | Lair:5   | Found a staircase to the Slime Pits.
 18276 | Lair:5   | Found a viscous altar of Jiyva.
 18338 | Lair:5   | Reached skill level 1 in Air Magic
 18414 | Lair:6   | Entered Level 6 of the Lair of Beasts
 18596 | Lair:5   | Reached skill level 1 in Armour
 19149 | Lair:6   | Identified the +9 plate armour of the Dolphin {rF+ Dex+2}
                  | (Okawaru gifted it to you on level 6 of the Lair of Beasts)
 19149 | Lair:6   | Received a gift from Okawaru
 19281 | Lair:6   | Noticed Bosm's ghost (journeyman HOBe)
 19286 | Lair:6   | Found a runed translucent door.
 19393 | Lair:6   | Reached skill level 5 in Hexes
 19789 | Lair:6   | Received a gift from Okawaru
 19790 | Lair:6   | Reached XP level 15. HP: 97/97 MP: 22/22
 20306 | Orc:1    | Entered Level 1 of the Orcish Mines
 20331 | Orc:1    | Reached skill level 5 in Spellcasting
 20473 | Orc:1    | Identified the +1 ring mail of Dim Light {rPois} (Okawaru
                  | gifted it to you on level 1 of the Orcish Mines)
 20473 | Orc:1    | Received a gift from Okawaru
 20485 | Orc:1    | Noticed an orc warlord
 20560 | Orc:1    | Killed an orc warlord
 20800 | Orc:1    | Reached skill level 5 in Air Magic
 21096 | D:6      | Bought the +3 crown of Dyrovepreva {rElec Int+2 SInv} for
                  | 496 gold pieces
 21096 | D:6      | Found the +3 crown of Dyrovepreva {rElec Int+2 SInv}
 21209 | Orc:2    | Entered Level 2 of the Orcish Mines
 21272 | Orc:2    | Found Hayg's Jewellery Emporium.
 21632 | Orc:2    | Found Metry's Jewellery Shoppe.
 21652 | Orc:2    | Bought a ring of willpower for 300 gold pieces
 21658 | Orc:2    | Noticed Azrael
 21662 | Orc:2    | Killed Azrael
 22124 | Orc:2    | Found a staircase to the Elven Halls.
 22205 | Orc:2    | Got the Collected Works on the Rocks and Snow
 22368 | Orc:2    | Noticed an orc warlord
 22372 | Orc:2    | Killed an orc warlord
 22409 | Orc:2    | Reached skill level 5 in Armour
 22416 | Orc:2    | Found Luzuf's Distillery.
 22421 | Orc:2    | Bought a potion of curing for 36 gold pieces
 22421 | Orc:2    | Bought a potion of heal wounds for 60 gold pieces
 22421 | Orc:2    | Bought 2 potions of invisibility for 192 gold pieces
 22460 | Orc:2    | Found Ruwuemuc's Magic Scroll Boutique.
 22917 | D:11     | Reached skill level 15 in Dodging
 22922 | D:11     | Identified the +2 robe "Culyu" {Fly} (Okawaru gifted it to
                  | you on level 11 of the Dungeon)
 22922 | D:11     | Received a gift from Okawaru
 22923 | D:11     | Reached XP level 16. HP: 93/104 MP: 23/23
 22997 | D:11     | Noticed Harold
 23010 | D:11     | Killed Harold
 24278 | D:12     | Found a portal to a secret trove of treasure.
 24566 | D:13     | Noticed Urug
 24566 | D:13     | Noticed Sonja
 24566 | D:13     | Found a gate to the Vaults.
 24637 | D:13     | Noticed Jorgrun
 24650 | D:13     | Killed Jorgrun
 24652 | D:13     | Killed Urug
 24664 | D:13     | Killed Sonja
 25400 | D:14     | Found a transporter.
 25404 | D:14     | Found a transporter.
 25516 | D:14     | Found Wifyl's Assorted Antiques.
 25731 | D:14     | Identified the +8 chain mail "Zutepp" {Harm rPois Regen+
                  | MP-9}
 25765 | D:14     | Identified the +2 hat "Xul Baom" {+Inv rF- Slay+3} (Okawaru
                  | gifted it to you on level 14 of the Dungeon)
 25765 | D:14     | Received a gift from Okawaru
 25767 | D:14     | Noticed a shadow dragon
 25775 | D:14     | Killed a shadow dragon
 25837 | D:14     | Reached XP level 17. HP: 112/112 MP: 24/24
 25909 | D:14     | Found a transporter.
 25911 | D:14     | Found a transporter.
 26048 | D:14     | Found a transporter.
 26051 | D:14     | Found a transporter.
 26327 | D:15     | Entered Level 15 of the Dungeon
 26621 | D:15     | Noticed Nessos
 26625 | D:15     | Noticed Nessos
 26625 | D:15     | Nessos changed into Nessos the polar bear
 26630 | D:15     | Killed Nessos the polar bear
 26650 | D:15     | Reached skill level 15 in Fighting
 27144 | D:15     | Found a staircase to the Depths.
 27335 | Depths:1 | Entered Level 1 of the Depths
 27406 | Depths:1 | Received a gift from Okawaru
 27437 | Depths:1 | Found a one-way gateway to a ziggurat.
 27506 | Depths:1 | Received a gift from Okawaru
 27685 | Depths:1 | Found a gateway to Hell.
 27696 | Depths:1 | Noticed an ancient champion
 27708 | Depths:1 | Killed an ancient champion
 27809 | Depths:1 | Found Zysuhew's Jewellery Boutique.
 27818 | Depths:1 | Found Dageka Onops's Antique Weapon Shop.
 27931 | Depths:1 | Found a one-way gate leading to the halls of Pandemonium.
 27962 | Depths:1 | Found a broken altar of Ashenzari.
 27976 | Depths:1 | Identified the +10 arbalest "Ynaihof" {venom, *Corrode Fly
                  | rN+ Stlth+} (Okawaru gifted it to you on level 1 of the
                  | Depths)
 27976 | Depths:1 | Received a gift from Okawaru
 28467 | Depths:2 | Reached XP level 18. HP: 120/120 MP: 25/25
 28487 | Depths:2 | Noticed a lich
 28495 | Depths:2 | Killed a lich
 28593 | Depths:2 | You fall into a shaft and drop 2 floors!
 28593 | Depths:4 | Entered Level 4 of the Depths
 28593 | Depths:4 | Noticed a golden dragon
 28620 | Depths:4 | Noticed a tentacled monstrosity
 28629 | Depths:4 | Killed a tentacled monstrosity
 28800 | Depths:3 | Found a one-way gate to the infinite horrors of the Abyss.
 28858 | Depths:2 | Noticed Bai Suzhen
 28869 | Depths:2 | Killed Bai Suzhen
 28869 | Depths:2 | Identified the +0 chain mail of Jasmus {+Blink rElec rC+
                  | Will+} (Okawaru gifted it to you on level 2 of the Depths)
 28869 | Depths:2 | Received a gift from Okawaru
 28909 | Depths:2 | Noticed a titan
 28959 | Depths:2 | Killed a titan
 29669 | Depths:2 | Found Douplutiuj's Elemental Accessories.
 30352 | Depths:3 | Learned a level 5 spell: Silence
 30376 | Depths:3 | Identified the +2 pair of gloves of Heresy {Will+} (Okawaru
                  | gifted it to you on level 3 of the Depths)
 30376 | Depths:3 | Received a gift from Okawaru
 30467 | Depths:3 | Noticed a golden dragon
 30481 | Depths:3 | Killed a golden dragon
 30634 | Depths:3 | Noticed a quicksilver dragon
 30663 | Depths:3 | Noticed Mara
 30670 | Depths:3 | Killed Mara
 30896 | Depths:3 | Noticed Xtahua
 30905 | Depths:3 | Killed Xtahua
 31185 | Depths:3 | Reached XP level 19. HP: 127/127 MP: 23/27
 31185 | Depths:3 | Found a blossoming altar of Fedhas.
 31186 | Depths:3 | Noticed a caustic shrike
 31198 | Depths:3 | Killed a caustic shrike
 31218 | Depths:3 | Identified the +5 plate armour "Etzof" {Rampage rN+ Will+
                  | Int+4}
 31475 | Depths:3 | Noticed a walking earthen tome
 31542 | Depths:3 | Upgraded the game from 0.29-a0-492-g10b964d to
                  | 0.29-a0-542-g075992c
 31542 | Depths:3 | Upgraded the game from 0.29-a0-542-g075992c to
                  | 0.29-a0-559-g359e09b
 31542 | Depths:3 | Upgraded the game from 0.29-a0-559-g359e09b to
                  | 0.29-a0-744-g221c65d
 31542 | Depths:3 | Upgraded the game from 0.29-a0-744-g221c65d to
                  | 0.29-a0-772-ga24da20
 31839 | Snake:1  | Entered Level 1 of the Snake Pit
 31987 | Snake:1  | Received a gift from Okawaru
 32035 | Snake:1  | Received a gift from Okawaru
 32922 | Snake:2  | Reached skill level 10 in Armour
 33784 | Snake:3  | Found a frozen archway.
 33814 | IceCv    | Entered an ice cave
 34382 | IceCv    | Identified the +4 ice dragon scales of Serendipity {+Blink
                  | rF- rC++ rCorr Str+2}
 34503 | Snake:3  | Noticed Aizul
 34521 | Snake:3  | Killed Aizul
 34523 | Snake:3  | Received a gift from Okawaru
 34661 | Snake:3  | Reached XP level 20. HP: 123/134 MP: 30/30
 35225 | Snake:3  | Found Fudghiz's Jewellery Shop.
 35225 | Snake:3  | Found Toroah's Jewellery Shop.
 35226 | Snake:3  | Found Meunk's Book Emporium.
 35237 | Snake:3  | Bought a +6 ring of dexterity for 684 gold pieces
 35243 | Snake:3  | Bought a ring of protection from fire for 450 gold pieces
 35502 | Snake:4  | Entered Level 4 of the Snake Pit
 35828 | Snake:4  | Noticed Mlioglotl
 35835 | Snake:4  | Killed Mlioglotl
 35854 | Snake:4  | Identified the +1 pair of gloves "Kidaab" {rF+ Will+ rCorr}
                  | (Okawaru gifted it to you on level 4 of the Snake Pit)
 35854 | Snake:4  | Received a gift from Okawaru
 36552 | Snake:4  | Got a serpentine rune of Zot
 36983 | Elf:1    | Entered Level 1 of the Elven Halls
 37025 | Elf:1    | Found a radiant altar of Vehumet.
 37125 | Elf:1    | Identified the +1 ring mail "Cetatod" {Str+5 Dex+5}
 37214 | Elf:1    | Received a gift from Okawaru
 37467 | Elf:1    | Received a gift from Okawaru
 37469 | Elf:1    | Reached XP level 21. HP: 118/140 MP: 33/33
 37806 | Elf:2    | Received a gift from Okawaru
 38297 | Elf:2    | Received a gift from Okawaru
 38427 | Elf:2    | Found a huge runed translucent gate.
 38427 | Elf:2    | Found a huge runed translucent gate.
 38428 | Elf:2    | Found a huge runed translucent gate.
 38430 | Elf:2    | Found a huge runed translucent gate.
 38430 | Elf:2    | Found a huge runed translucent gate.
 38885 | Elf:3    | Entered Level 3 of the Elven Halls
 38885 | Elf:3    | Noticed Zenata
 39029 | Elf:3    | Killed Zenata
 39107 | Elf:3    | Received a gift from Okawaru
 39839 | Elf:3    | Reached XP level 22. HP: 148/148 MP: 30/35
 39942 | Elf:3    | Received a gift from Okawaru
 40081 | Elf:3    | Identified the amulet "Keniap" {Reflect rC+ Str+7 Dex-2
                  | SH+5}
 40091 | Elf:3    | Identified the +8 great sword "Orb Guardian's Death"
                  | {flame, Dex+4}
 40148 | Elf:3    | Identified the amulet "Xihedinu" {Reflect Int+3 Dex+2 SH+5}
 40163 | Elf:3    | Identified the ring of Henaofit {Fly Will+ Str-5 Int+4}
 40179 | Elf:3    | Identified the +1 hat "Moroppom" {+Inv rPois Dex+4 Stlth-}
 40255 | Elf:3    | Identified the ring of Recklessness {Wiz Int+2}
 40268 | Elf:3    | Identified the ring of Myashebe {rC+ Dex+7 SInv}
 40286 | Elf:3    | Identified the +4 chain mail of Ezuabb {Drain rF+ Regen+
                  | Dex+6}
 40591 | Swamp:1  | Entered Level 1 of the Swamp
 40885 | Swamp:1  | Identified the +7 chain mail of Wasted Space {-Cast rF+
                  | Regen+ SInv} (Okawaru gifted it to you on level 1 of the
                  | Swamp)
 40885 | Swamp:1  | Received a gift from Okawaru
 42451 | Swamp:4  | Entered Level 4 of the Swamp
 42975 | Swamp:4  | Received a gift from Okawaru
 43054 | Swamp:4  | Got Lemabryv's Compendium of Curses
 43063 | Swamp:4  | Reached XP level 23. HP: 156/156 MP: 36/36
 43323 | Swamp:4  | Got a decaying rune of Zot
 43848 | Vaults:1 | Entered Level 1 of the Vaults
 43848 | Vaults:1 | You fall into a shaft and drop 1 floor!
 43868 | Vaults:2 | Found a staircase to the Crypt.
 43896 | Crypt:1  | Entered Level 1 of the Crypt
 43931 | Crypt:1  | Noticed Frederick
 43935 | Crypt:1  | Killed Frederick
 43987 | Crypt:1  | Identified the +5 sling "Wuraedd" {speed, rC+ rN+ Dex+2}
                  | (Okawaru gifted it to you on level 1 of the Crypt)
 43987 | Crypt:1  | Received a gift from Okawaru
 44639 | Vaults:1 | Identified the +11 hand crossbow "Wihiggid" {penet, rC++}
                  | (Okawaru gifted it to you on level 1 of the Vaults)
 44639 | Vaults:1 | Received a gift from Okawaru
 45064 | Vaults:1 | Identified the +1 robe of Vacareaw {rPois} (Okawaru gifted
                  | it to you on level 1 of the Vaults)
 45064 | Vaults:1 | Received a gift from Okawaru
 45257 | Vaults:1 | Reached XP level 24. HP: 166/166 MP: 36/36
 46205 | Vaults:3 | Reached skill level 15 in Armour
 46240 | Vaults:3 | Identified the +2 scale mail of the Ecumenical Temple {rF+
                  | Dex+3} (Okawaru gifted it to you on level 3 of the Vaults)
 46240 | Vaults:3 | Received a gift from Okawaru
 46759 | Vaults:3 | Identified the +1 buckler "Muf Zem" {Rampage rElec Str+7
                  | Slay-2}
 46768 | Vaults:3 | Identified the +5 fustibalus "Jeickot" {flame, Int+4 Dex+2}
 46771 | Vaults:3 | Noticed Saint Roka
 46836 | Vaults:3 | Killed Saint Roka
 47026 | Vaults:3 | Received a gift from Okawaru
 47361 | Vaults:4 | Reached XP level 25. HP: 173/173 MP: 36/36
 47523 | Vaults:3 | Learned a level 5 spell: Borgnjor's Vile Clutch
 47526 | Vaults:3 | Learned a level 2 spell: Blink
 47535 | Vaults:3 | Learned a level 8 spell: Disjunction
 47541 | Vaults:3 | Learned a level 5 spell: Irradiate
 47894 | Vaults:4 | Reached skill level 1 in Necromancy
 47894 | Vaults:4 | Reached skill level 1 in Translocations
 47899 | Vaults:4 | Reached skill level 1 in Earth Magic
 47926 | Vaults:4 | Received a gift from Okawaru
 48106 | Vaults:4 | Found the +10 zealot's sword {holy, *Rage rN+ EV+3}
 48310 | Vaults:4 | Received a gift from Okawaru
 48656 | Vaults:4 | Found Lagrisuk's Magic Scroll Boutique.
 48669 | Vaults:4 | Bought a scroll of enchant weapon for 127 gold pieces
 48669 | Vaults:4 | Bought a scroll of enchant weapon for 127 gold pieces
 48669 | Vaults:4 | Bought a scroll of fog for 34 gold pieces
 48830 | Vaults:4 | Found a transporter.
 48935 | Vaults:4 | Found a transporter.
 48937 | Vaults:4 | Found a runed translucent door.
 48947 | Vaults:4 | Found a bloodstained altar of Trog.
 48947 | Vaults:4 | Found the +8 Wrath of Trog {antimagic, *Rage Rampage}
 48999 | Vaults:4 | Identified the +0 plate armour "Peanunug" {Will+ Int+3}
 49024 | Vaults:4 | Received a gift from Okawaru
 49229 | Vaults:5 | Entered Level 5 of the Vaults
 49358 | Vaults:5 | Reached skill level 5 in Earth Magic
 49364 | Vaults:4 | Reached skill level 5 in Necromancy
 49364 | Vaults:4 | Reached skill level 5 in Translocations
 49560 | Vaults:4 | Identified the +3 plate armour of Restlessness {Will- Str+4
                  | Int+7} (Okawaru gifted it to you on level 4 of the Vaults)
 49560 | Vaults:4 | Received a gift from Okawaru
 49864 | Vaults:5 | Identified the +5 great sword "Tucrejog" {flame, *Noise
                  | Int+2 Dex+3 Stlth+}
 49886 | Vaults:5 | Noticed an ancient lich
 49894 | Vaults:5 | Killed an ancient lich
 49939 | Vaults:5 | Reached XP level 26. HP: 176/179 MP: 35/36
 49939 | Vaults:5 | Reached XP level 27. HP: 181/184 MP: 35/36
 50208 | Vaults:5 | Noticed a dread lich
 50217 | Vaults:5 | Killed a dread lich
 50308 | Vaults:5 | Got a silver rune of Zot
 51043 | Vaults:5 | Identified the +3 arbalest of Jivakhukk {vorpal, Str-4
                  | Int+5} (Okawaru gifted it to you on level 5 of the Vaults)
 51043 | Vaults:5 | Received a gift from Okawaru
 51161 | Vaults:5 | Identified the ring "Igean" {rElec AC+4 Stlth+}
 51609 | Depths:4 | Found Witraqyhoo's Book Emporium.
 51916 | Depths:4 | Found Ruonyxt's Assorted Antiques.
 51919 | Depths:4 | Found Hoediheg's Assorted Antiques.
 51921 | Depths:4 | Found Ypnaett's Assorted Antiques.
 51954 | Depths:4 | Bought a wand of digging (5) for 240 gold pieces
 51958 | Depths:4 | Bought a pair of embroidered boots for 217 gold pieces
 52321 | Depths:4 | Identified the +1 pair of boots "Wamas" {+Inv rElec rCorr
                  | Dex-4} (Okawaru gifted it to you on level 4 of the Depths)
 52321 | Depths:4 | Received a gift from Okawaru
 52441 | Depths:4 | Found a gate to the Realm of Zot.
 52487 | Zot:1    | Entered Level 1 of the Realm of Zot
 52503 | Zot:1    | Identified the +1 chain mail of Modesty {+Blink rF- Will+
                  | Int+4}
 52677 | Zot:1    | Noticed a dread lich
 52680 | Zot:1    | Killed a dread lich
 52680 | Zot:1    | Noticed a dread lich
 52682 | Zot:1    | Noticed a dread lich
 52687 | Zot:1    | Killed a dread lich
 52690 | Zot:1    | Killed a dread lich
 52691 | Zot:1    | Reached skill level 10 in Necromancy
 52691 | Zot:1    | Reached skill level 10 in Translocations
 52691 | Zot:1    | Reached skill level 10 in Earth Magic
 52787 | Zot:1    | Identified the +10 shortbow "Rusibrot" {venom, Str+3}
 53222 | Zot:1    | Reached skill level 5 in Stealth
 53535 | Zot:1    | Identified the +1 pair of boots of Tudex {rCorr} (Okawaru
                  | gifted it to you on level 1 of the Realm of Zot)
 53535 | Zot:1    | Received a gift from Okawaru
 53686 | Zot:2    | Noticed Vv
 53693 | Zot:2    | Reached skill level 10 in Stealth
 53699 | Zot:2    | Killed Vv
 54358 | Zot:2    | Learned a level 3 spell: Portal Projectile
 54371 | Zot:2    | Reached skill level 15 in Stealth
 54871 | Zot:5    | Entered Level 5 of the Realm of Zot
 54882 | Zot:5    | Found a runed translucent gate.
 54894 | Zot:5    | Found a runed translucent gate.
 54895 | Zot:5    | Found a runed translucent gate.
 54903 | Zot:5    | Noticed alcopop's ghost (legendary OgAE)
 54903 | Zot:5    | Noticed Geeful's ghost (legendary MiFi)
 54913 | Zot:5    | Killed alcopop's ghost
 54925 | Zot:5    | Killed Geeful's ghost
 55193 | Zot:5    | Noticed a dread lich
 55193 | Zot:5    | Noticed a dread lich
 55198 | Zot:5    | Killed a dread lich
 55199 | Zot:5    | Reached skill level 10 in Spellcasting
 55201 | Zot:5    | Killed a dread lich
 55267 | Zot:5    | Acquired a book of the Moon
 55270 | Zot:5    | Noticed an orb of fire
 55273 | Zot:5    | Gained mutation: You are weak. (Str -2) [an orb of fire]
 55276 | Zot:5    | Gained mutation: Your body sometimes deteriorates upon
                  | taking damage. [an orb of fire]
 55277 | Zot:5    | Killed an orb of fire
 55278 | Zot:5    | Lost mutation: Your body sometimes deteriorates upon taking
                  | damage. [potion of mutation]
 55278 | Zot:5    | Lost mutation: You are weak. (Str -2) [potion of mutation]
 55278 | Zot:5    | Gained mutation: You are agile. (Dex +4, Str/Int -1)
                  | [potion of mutation]
 55278 | Zot:5    | Gained mutation: You are partially covered in iridescent
                  | scales. (AC +2) [potion of mutation]
 55295 | Zot:5    | Noticed a Killer Klown
 55298 | Zot:5    | Killed a Killer Klown
 55317 | Zot:5    | Noticed a dread lich
 55319 | Zot:5    | Noticed a Killer Klown
 55322 | Zot:5    | Killed a Killer Klown
 55327 | Zot:5    | Killed a dread lich
 55327 | Zot:5    | Identified the +4 ring mail "Itakiuji" {Harm rC+ Str+2}
                  | (Okawaru gifted it to you on level 5 of the Realm of Zot)
 55327 | Zot:5    | Received a gift from Okawaru
 55423 | Zot:5    | Noticed an orb of fire
 55431 | Zot:5    | Killed an orb of fire
 55525 | Zot:5    | Noticed an ancient lich
 55613 | Zot:5    | Noticed a Killer Klown
 55614 | Zot:5    | Noticed a Killer Klown
 55615 | Zot:5    | Noticed a Killer Klown
 55618 | Zot:5    | Killed a Killer Klown
 55618 | Zot:5    | Noticed a Killer Klown
 55620 | Zot:5    | Killed a Killer Klown
 55624 | Zot:5    | Killed a Killer Klown
 55629 | Zot:5    | Noticed a Killer Klown
 55634 | Zot:5    | Killed a Killer Klown
 55635 | Zot:5    | Killed a Killer Klown
 55636 | Zot:5    | Reached skill level 15 in Spellcasting
 55647 | Zot:5    | Received a gift from Okawaru
 55666 | Zot:5    | Noticed an orb of fire
 55666 | Zot:5    | Noticed a Killer Klown
 55672 | Zot:5    | Killed a Killer Klown
 55712 | Zot:5    | Killed an orb of fire
 55778 | Zot:5    | Got the Orb of Zot
 55784 | Zot:5    | Noticed Faug the pandemonium lord
 55790 | Zot:5    | Killed Faug the pandemonium lord
 55973 | Depths:1 | Noticed Zotausku the pandemonium lord
 56215 | D:$      | Escaped with the Orb!

Illustrated notes

Levels and vault maps discovered:
D:1:      elethiomel_arrival_shortcut, layout_basic
D:2:      layout_basic, serial_forest, infiniplex_forest_lined_2,
          infiniplex_forest_fountain, infiniplex_forest_lined_room_3,
          infiniplex_forest_straight_5, infiniplex_forest_straight_1,
          infiniplex_forest_lined_room_2, infiniplex_forest_lined_corner,
          infiniplex_forest_diagonal, infiniplex_forest_straight_4,
          uniq_crazy_yiuf_cottage
D:3:      layout_basic, uniq_robin, uniq_grinder
D:4:      layout_cave_pools
D:5:      layout_layer_cave, minmay_temple_entry_statues_pillars, st_stairs_11,
          uniq_blork_the_orc
D:6:      layout_basic, serial_shops, nicolae_square_shop, shop,
          nicolae_square_shop, kennysheep_generic_room_14, uniq_prince_ribbit1
D:7:      layout_gridville, fedhas_ov_isle_minmay, uniq_duvessa, uniq_menkaure
D:8:      layout_basic, minitemple, enter_bailey_3, minmay_quadrilaterals,
          uniq_joseph, uniq_maggie
D:9:      layout_basic, orc_0_dummy
D:10:     wad_crossroads, layout_stronghold, dpeg_lair_monsters, serial_undead,
          serial_undead_c, serial_undead_c, serial_undead_c, serial_undead_c,
          minmay_statues_item, uniq_maurice
D:11:     layout_gridville, uniq_harold
D:12:     layout_loops_ring, nicolae_trove_entry_diagonal
D:13:     layout_roguey [special_room_orc], david_vaults_3, uniq_urug,
          uniq_jorgrun, uniq_sonja
D:14:     nzn_winding_woodlands_cross [nzn_winding_woodlands_5x15_pool,
          nzn_winding_woodlands_5x15_lazy_stream,
          nzn_winding_woodlands_5x15_default,
          nzn_winding_woodlands_5x15_sawtooth,
          nzn_winding_woodlands_15x15_thick_spiral], layout_rooms,
          corexii_corridor_pit, serial_shops, shop, serial_nicolae_subway,
          nicolae_sub_station_crystal, nicolae_sub_station_stone,
          nicolae_sub_station_metal
D:15:     grunt_enter_depths_hoard, layout_basic, nicolae_figureground_pulse,
          uniq_nessos
Temple:   nicolae_temple_elliptical
Lair:1:   layout_roguey
Lair:2:   layout_regular_city, beast_lair_carwin_6, grunt_megastairs_4
Lair:3:   layout_roguey, nicolae_swamp_entry_splash_gauntlet,
          dreamdust_gnoll_shepherd, infiniplex_staircase_pool
Lair:4:   layout_cellular_growth, minmay_snake_entry_guardpost_small,
          serial_bayou_shore_a
Lair:5:   layout_small_grid, slime_altar_1, grunt_megastairs_1
Lair:6:   grunt_lair_end_beastmaster, layout_misc_corridors,
          hellmonk_ghost_happy_afterlife, st_stairs_9, roderic_batcave,
          chequers_serial_rivers_room_a, serial_bayou_shore_b
Swamp:1:  layout_basic_swamp, evilmike_swamp_ruin_house_4, swamp_pool4,
          nicolae_swamp_some_circles
Swamp:2:  layout_basic_swamp, hangedman_swamp_ruin_hall
Swamp:3:  layout_basic_swamp, nicolae_swamp_orc_logging_accident, swamp_pool1
Swamp:4:  nzn_swamp_witches_coven, layout_basic_swamp
Snake:1:  layout_cave_pods
Snake:2:  layout_grid_maze
Snake:3:  layout_basic, portal_ice_cave_entry_pillars_2, minmay_shop_grove,
          uniq_aizul
Snake:4:  snake_pit, layout_grid_maze, uniq_mlioglotl
Orc:1:    layout_diamond_mine
Orc:2:    pubby_orc_utopia, uniq_azrael
Elf:1:    eino_elf_arrival_altar, layout_rooms, minivault_28,
          nicolae_elf_vaults_five_recruitment_drive
Elf:2:    elven_hall_of_blades_hangedman_alternative
          [nicolae_vaults_blade_armed_guards], layout_geoelf_octagon,
          guppyfry_elf_garden
Elf:3:    minmay_elf_hall_dome, layout_geoelf_diagonals, grunt_megastairs_5,
          uniq_zenata
Vaults:1: hangedman_vaults_slice, hangedman_vaults_cutoff, v_misc_32,
          hangedman_vaults_nails, hangedman_vaults_corner, v_pattern_3,
          grunt_vaults_focal, vaults_mumra_lcd, vaults_dpeg_spiral,
          ontoclasm_vaults_fault, special_room_vaults [special_room_orc],
          v_misc_17, vaults_room_ringed_pool, vaults_dpeg_hooks,
          layout_vaults_omnibox
Vaults:2: nicolae_vaults_mini_display_case, v_misc_9, ontoclasm_vaults_gallery,
          nicolae_vaults_big_angled_halls, vaults_dpeg_doors,
          minmay_crypt_entry_simple_sparse, v_pattern_1, nicolae_vaults_theta,
          v_misc_3, ontoclasm_vaults_gateway, nicolae_vaults_yaktaur_gun_rack,
          layout_vaults_ring
Vaults:3: hangedman_vaults_stitches, v_misc_8, vaults_mumra_minichess,
          v_rooms_5, grunt_vaults_twisty, v_alt_pattern_6, v_alt_pattern_2,
          nicolae_vaults_little_squares_6, nicolae_vaults_little_ls,
          nicolae_vaults_theta, layout_vaults_omnicross, uniq_margery,
          uniq_saint_roka
Vaults:4: nicolae_vaults_circle_grid_b, vaults_room_octagon,
          grunt_vaults_diagonal, emtedronai_trogs_sanctum, v_pattern_4,
          vaults_room_corners, vaults_room_pool, v_misc_12, vaults_room_hallway,
          nicolae_vaults_sealed_display, vaults_room_fancy_cross,
          v_alt_pattern_6, layout_vaults_chaotic_city, serial_shops, shop
Vaults:5
Crypt:1:  layout_regular_city, st_stairs_10, ebering_dispersal_statue_hall,
          uniq_frederick
Depths:1: layout_cave_shapes, enter_ziggurat_d, grunt_mini_vestibule,
          rand_demon_pan_entry_9, cheibrodos_ashenzari_chains,
          infiniplex_staircase_pool_lava, minmay_shoptagon
Depths:2: grunt_twist_and_shout, layout_basic, hell_entry,
          rand_demon_pan_entry_4, serial_bayou_lagoon_a, nicolae_elemental_shop,
          uniq_bai_suzhen
Depths:3: minmay_the_grid_triangle_9x9_recursive_3
          [minmay_the_grid_triangle_9x9_intruding_spiral,
          minmay_the_grid_triangle_9x9_shrine,
          minmay_the_grid_triangle_9x9_from_above,
          minmay_the_grid_triangle_9x9_prize_schism,
          minmay_the_grid_triangle_9x9_impossible_snake,
          minmay_the_grid_triangle_9x9_empty,
          minmay_the_grid_triangle_9x9_pentomino_pain,
          minmay_the_grid_triangle_9x9_negative_grid,
          minmay_the_grid_triangle_9x9_stretched_checkered], layout_honeycomb,
          minmay_misc_feat_encased, abyss_entry, hell_entry,
          nrook_kobold_shadow_demons, infiniplex_staircase_squiggle, uniq_mara,
          uniq_xtahua
Depths:4: evilmike_zot_entry_argh, layout_gridlike, hell_entry,
          rand_demon_pan_entry_7, serial_shops, shop, nicolae_wooded_promenade
Zot:1:    hellmonk_paralyzer, layout_gridlike
Zot:2:    layout_cellular_growth, grunt_ministairs_6, lemuel_elevator, uniq_vv
Zot:3:    layout_cellular_growth
Zot:4:    layout_cathedral_of_symmetry, bh_zot_levy_curve
Zot:5:    layout_misc_corridors, gammafunk_ghost_cemetery

Skill      XL: |  1  2  3  4  5  6  7  8  9 10 11 12 13 14 15 16 17 18 19 20 21 22 23 24 25 26 27 |
---------------+----------------------------------------------------------------------------------+-----
Crossbows      | 3 4 5 6 7 8 9 10 11 12 13 15 16 18 19 20 22 |  0.0
Fighting       | 2 3 4 5 7 8 9 10 11 12 13 14 15 16 17 18 19 21 22 | 22.0
Dodging        | 3 4 5 6 8 9 10 11 13 15 16 17 18 19 20 21 22 | 22.0
Invocations    | 2 4 6 7 9 10 | 10.2
Evocations     | 3 5 7 9 10 12 | 12.7
Air Magic      | 3 5 7 8 9 |  9.5
Spellcasting   | 4 5 7 8 9 16 | 16.2
Armour         | 3 5 7 8 9 10 11 12 14 16 | 16.9
Hexes          | 5 7 8 9 |  9.6
Ranged Weapons | 20 21 22 | 22.0
Necromancy     | 7 10 | 10.4
Translocations | 7 10 | 10.4
Earth Magic    | 7 10 | 10.4
Stealth        | 19 | 19.0
Short Blades   | |  0.8

Action                   |  1- 3 |  4- 6 |  7- 9 | 10-12 | 13-15 | 16-18 | 19-21 | 22-24 | 25-27 || total
-------------------------+-------+-------+-------+-------+-------+-------+-------+-------+-------++-------
Melee: Dagger            |    10 |    90 |   168 |   162 |       |       |       |       |       ||   430
       Punch             |       |     3 |     3 |     6 |       |       |       |       |       ||    12
       Staff             |       |       |     4 |       |       |       |       |       |       ||     4
 Fire: Hand crossbow     |    54 |    67 |   142 |    40 |       |       |       |       |       ||   303
       Arbalest          |       |       |       |   300 |   821 |   840 |    19 |       |       ||  1980
       Triple crossbow   |       |       |       |       |       |       |   846 |   886 |   904 ||  2636
Throw: Dart              |       |     2 |    28 |     7 |     1 |       |     6 |       |       ||    44
       Boomerang         |       |       |     4 |       |       |       |       |       |       ||     4
 Cast: Slow              |     1 |    11 |    24 |    12 |       |       |       |       |       ||    48
       Swiftness         |       |       |       |       |     2 |     2 |     3 |       |       ||     7
       Silence           |       |       |       |       |       |       |     4 |     6 |    30 ||    40
       Blink             |       |       |       |       |       |       |       |       |     1 ||     1
Invok: Heroism           |       |       |     9 |    20 |    29 |    35 |    40 |    23 |    36 ||   192
       Finesse           |       |       |       |     4 |    17 |    16 |    12 |     2 |    10 ||    61
Evoke: Wand              |       |       |     4 |    10 |     1 |     5 |     4 |       |     5 ||    29
  Use: Scroll            |       |     3 |     3 |     8 |     5 |    20 |     6 |       |     6 ||    51
       Potion            |       |       |     2 |     1 |       |     3 |     6 |     1 |     5 ||    18
 Stab: Sleeping          |       |     7 |     3 |       |       |       |       |       |       ||    10
       Distracted        |       |     1 |     1 |       |       |       |       |       |       ||     2
       Paralysed         |       |       |     5 |    19 |       |       |       |       |       ||    24
Armor: Robe              |     3 |    16 |    30 |     6 |       |       |       |       |       ||    55
       Skin              |       |       |    15 |       |       |       |       |       |       ||    15
       Troll leather arm |       |       |       |    42 |    67 |    86 |    79 |    54 |    93 ||   421
Dodge: Dodged            |    28 |    76 |   186 |   318 |   389 |   568 |   492 |   839 |  1058 ||  3954

Table legend: (Time is in decaauts)
 A = Elapsed time spent in this place.
 B = Non-inter-level travel time spent in this place.
 C = Inter-level travel time spent in this place.
 D = Time resting spent in this place.
 E = Time spent auto-exploring this place.
 F = Levels seen in this place.
 G = Mean time per level.
                   A        B        C        D        E       F      G
               +--------+--------+--------+--------+--------+-----+--------+
         Total |  56504 |  50548 |   5956 |   4781 |  21939 |  52 | 1086.6 |
       Dungeon |  18212 |  15952 |   2260 |   2480 |   9172 |  15 | 1214.1 |
        Temple |    293 |    267 |     26 |      0 |    228 |   1 |  293.0 |
          Lair |   6163 |   5544 |    619 |     86 |   3957 |   6 | 1027.2 |
         Swamp |   3473 |   3172 |    301 |    153 |   1847 |   4 |  868.2 |
     Snake Pit |   4306 |   3849 |    457 |     26 |   1489 |   4 | 1076.5 |
  Orcish Mines |   2436 |   2154 |    282 |     17 |   1213 |   2 | 1218.0 |
   Elven Halls |   3472 |   3124 |    348 |    445 |    571 |   3 | 1157.3 |
        Vaults |   7402 |   6462 |    940 |    302 |    814 |   5 | 1480.4 |
         Crypt |    265 |    241 |     24 |     17 |      0 |   1 |  265.0 |
        Depths |   5322 |   4963 |    359 |    547 |   2029 |   4 | 1330.5 |
           Zot |   3348 |   3014 |    334 |    208 |    591 |   5 |  669.6 |
        Bailey |   1240 |   1240 |      0 |    463 |     27 |   1 | 1240.0 |
      Ice Cave |    567 |    567 |      0 |     36 |      0 |   1 |  567.0 |
               +--------+--------+--------+--------+--------+-----+--------+

Top non-repeatable levels by time:
     D:5: 2110 daAuts
Vaults:4: 1950 daAuts
    D:10: 1738 daAuts
   Orc:2: 1716 daAuts
Depths:3: 1706 daAuts
     D:3: 1669 daAuts
Vaults:5: 1637 daAuts
     D:2: 1489 daAuts
Vaults:3: 1457 daAuts
   Elf:3: 1391 daAuts
Depths:2: 1357 daAuts
     D:6: 1341 daAuts
  Lair:3: 1306 daAuts
     D:8: 1279 daAuts
 Snake:2: 1268 daAuts
